Map: Thunderbird LE

Players

RiSky - Winner!

  • Race: Zerg Zerg
  • Spawn Location: 11:00

Creed

  • Race: Terran Terran
  • Spawn Location: 5:00

Event: 2019 WCS Summer

VOD

Have the link to the VOD?

Description

Time

  • Played on: July 12, 2019, 6:51 a.m.
  • Length: 11:24

All games in this series

Show
View Real Time Build Order
Export as new Build Order

RiSky Zerg - Winner!

Build Orders: Hatch First, Swarm Host 

Get SALT Encoding   

  12  0:00  Drone  
  13  0:12  Overlord  
  13  0:16  Drone  
  14  0:30  Drone x2  
  16  0:47  Hatchery  
  15  0:51  Drone  
  15  0:54  Drone  
  17  0:58  Drone  
  18  1:08  Extractor  
  17  1:13  Spawning Pool  
  17  1:16  Drone  
  17  1:20  Drone  
  18  1:27  Drone  
  19  1:38  Drone  
  20  1:49  Overlord  
  20  1:59  Queen  
  20  2:00  Zergling x2, Queen  
  20  2:01  Zergling x2  
  26  2:08  Metabolic Boost  
  26  2:10  Drone  
  27  2:16  Drone  
  27  2:21  Drone x2  
  30  2:33  Hatchery  
  29  2:39  Drone x2  
  29  2:43  Overlord  
  31  2:49  Overlord  
  31  3:01  Queen  
  31  3:03  Drone x2  
  35  3:08  Drone x3  
  35  3:09  Drone x2  
  40  3:13  Overlord  
  40  3:15  Drone  
  40  3:18  Drone  
  40  3:19  Drone  
  43  3:21  Drone  
  44  3:31  Queen  
  44  3:34  Drone, Roach Warren  
  47  3:35  Drone  
  47  3:41  Drone  
  48  3:42  Queen  
  48  3:46  Overlord  
  48  3:47  Drone  
  51  3:49  Drone  
  51  3:51  Drone, Extractor  
  52  3:56  Drone x3  
  55  4:04  Drone  
  55  4:05  Queen  
  55  4:07  Drone x2  
  60  4:10  Extractor  
  60  4:11  Lair  
  59  4:18  Zergling x4  
  59  4:19  Overlord  
  59  4:20  Drone  
  59  4:21  Drone  
  63  4:24  Overlord  
  63  4:30  Drone x2  
  65  4:35  Overlord  
  65  4:37  Evolution Chamber  
  64  4:40  Drone  
  64  4:41  Drone, Roach  
  64  4:42  Roach x2  
  76  4:45  Roach x2  
  76  4:46  Roach  
  76  4:50  Roach  
  76  4:51  Roach  
  82  4:53  Overlord  
  82  4:54  Drone x2  
  84  5:00  Drone  
  84  5:03  Zerg Missile Weapons Level 1  
  84  5:04  Drone  
  84  5:06  Queen  
  88  5:07  Drone  
  88  5:13  Overseer  
  89  5:14  Glial Reconstitution  
  89  5:15  Drone  
  89  5:16  Drone x2  
  89  5:17  Drone x3  
  89  5:18  Roach  
  96  5:22  Zergling x2  
  96  5:26  Extractor x2  
  96  5:27  Roach  
  96  5:29  Overlord  
  96  5:33  Overlord  
  96  5:37  Overlord  
  96  5:41  Overlord  
  96  5:44  Infestation Pit, Extractor  
  96  5:45  Drone x2  
  96  5:48  Drone  
  96  5:49  Drone  
  98  5:53  Drone x2  
  98  5:54  Drone x5  
  105  5:59  Drone x2  
  105  6:01  Drone  
  108  6:08  Drone x2  
  109  6:19  Overlord  
  109  6:20  Roach x3  
  109  6:23  Hatchery, Overlord  
  114  6:28  Ravager  
  115  6:34  Roach x7  
  115  6:37  Overlord  
  129  6:47  Nydus Network  
  129  6:50  Overlord  
  129  6:51  Overlord  
  128  6:57  Overlord x2, Swarm Host x7  
  128  7:00  Swarm Host  
  148  7:04  Swarm Host  
  149  7:11  Swarm Host x2  
  155  7:17  Extractor  
  152  7:23  Zergling x10  
  152  7:28  Extractor  
  152  7:29  Drone x4  
  160  7:32  Nydus Canal  
  160  7:33  Drone  
  160  7:36  Zerg Missile Weapons Level 2  
  161  7:37  Overlord  
  161  7:41  Drone x2  
  161  7:42  Drone x2  
  161  7:43  Overlord, Swarm Host  
  161  7:44  Swarm Host x2  
  165  7:46  Nydus Canal, Overlord  
  165  7:51  Overlord  
  174  7:53  Overlord x2  
  174  7:57  Baneling Nest  
  173  8:01  Roach x3  
  173  8:02  Roach  
  181  8:11  Nydus Canal  
  181  8:13  Roach x4  
  181  8:15  Roach x3  
  190  8:25  Drone x7  
  193  8:35  Nydus Canal  
  193  8:40  Roach x4  
  199  8:47  Centrifical Hooks  
  199  8:49  Hive  
  199  8:51  Spire  
  199  8:53  Spine Crawler  
  197  8:56  Spine Crawler  
  197  9:00  Zergling x18  
  197  9:02  Nydus Canal  
  195  9:04  Zergling x4  
  195  9:07  Hatchery  
  190  9:13  Roach x4  
  192  9:23  Roach x8  
  188  9:31  Drone x2  
  189  9:41  Nydus Canal  
  189  9:43  Roach x2  
  189  9:44  Roach  
  193  9:46  Roach x3  
  193  9:48  Roach  
  191  9:55  Roach x2  
  189  10:02  Drone x3  
  189  10:03  Drone x2  
  189  10:04  Extractor  
  189  10:08  Roach x3  
  187  10:14  Roach x3  
  187  10:15  Nydus Canal  
  187  10:18  Roach x3  
  197  10:27  Roach x6  
  197  10:32  Overlord  
  197  10:34  Roach  
  197  10:35  Roach x3  
  197  10:41  Roach x3  
  194  10:45  Zergling x12  
  196  10:54  Nydus Canal  
  196  10:55  Zergling x8  
  188  11:05  Hydralisk Den  
Show
View Real Time Build Order
Export as new Build Order

Creed Terran 

Build Orders: 2 Factory 

Get SALT Encoding   

  12  0:00  SCV  
  13  0:12  SCV  
  14  0:17  Supply Depot  
  14  0:24  SCV  
  15  0:39  SCV  
  15  0:41  Barracks  
  16  0:51  SCV  
  17  1:03  SCV  
  18  1:15  SCV  
  19  1:27  Orbital Command, Marine  
  20  1:33  Command Center  
  20  1:38  Supply Depot  
  20  1:45  Marine, Refinery  
  21  1:49  Refinery  
  21  1:53  SCV  
  22  2:03  Marine  
  22  2:05  SCV  
  24  2:08  Bunker  
  24  2:17  SCV  
  24  2:21  Marine  
  26  2:29  SCV  
  26  2:43  Barracks Reactor  
  26  2:44  Orbital Command, SCV, Factory  
  27  2:56  SCV  
  28  3:04  Factory  
  28  3:08  SCV  
  28  3:09  Supply Depot  
  29  3:13  SCV  
  30  3:20  SCV  
  30  3:25  SCV  
  32  3:28  Barracks Tech Lab  
  32  3:32  SCV  
  32  3:33  Hellion  
  32  3:34  Hellion  
  37  3:38  SCV  
  38  3:44  SCV  
  39  3:49  Command Center  
  39  3:52  SCV  
  39  3:54  Infernal Pre-Igniter  
  40  3:56  SCV  
  40  3:58  Hellion  
  40  4:02  Hellion  
  45  4:06  Cyclone  
  48  4:10  Supply Depot  
  48  4:11  SCV  
  48  4:13  SCV  
  50  4:21  Hellion  
  50  4:23  Hellion  
  54  4:32  SCV x2, Supply Depot  
  54  4:35  Supply Depot  
  54  4:38  Cyclone  
  59  4:41  Refinery  
  59  4:42  Refinery  
  59  4:43  Hellion  
  59  4:44  SCV  
  62  4:54  SCV, Hellion  
  65  5:00  Armory x2, SCV  
  65  5:04  Orbital Command  
  66  5:09  SCV  
  66  5:12  SCV  
  68  5:15  Supply Depot  
  68  5:20  Hellion x2  
  72  5:22  SCV  
  72  5:24  SCV  
  74  5:29  Cyclone  
  74  5:30  Mag-Field Accelerator  
  74  5:33  Orbital Command  
  77  5:44  SCV x2  
  77  5:46  Hellion x2  
  83  5:52  Supply Depot  
  83  5:53  Supply Depot  
  83  5:56  SCV  
  84  5:58  Factory  
  84  6:00  SCV  
  84  6:01  Cyclone  
  84  6:03  SCV  
  89  6:13  Hellion x2  
  93  6:21  Terran Vehicle Weapons Level 1, Factory  
  93  6:22  Factory  
  93  6:23  Terran Vehicle And Ship Armor Level 1  
  93  6:26  SCV x2  
  93  6:27  SCV  
  96  6:38  SCV x2  
  96  6:39  SCV, Hellion x2  
  103  6:43  Factory Tech Lab  
  103  6:44  Cyclone  
  106  6:49  Supply Depot x2  
  106  6:50  SCV  
  107  6:57  SCV x2  
  109  7:05  SCV  
  110  7:09  SCV x2  
  112  7:17  Factory Tech Lab x2  
  112  7:18  Cyclone x2  
  112  7:21  Refinery  
  115  7:28  SCV x2  
  115  7:29  Starport  
  114  7:31  Hellion x2  
  118  7:37  SCV  
  118  7:39  Refinery  
  118  7:40  SCV  
  118  7:42  Command Center, Supply Depot  
  118  7:43  Supply Depot  
  120  7:44  Engineering Bay  
  120  7:47  Cyclone  
  120  7:49  Orbital Command, Cyclone  
  120  7:50  Cyclone  
  124  8:09  Hellion  
  124  8:10  Hellion  
  128  8:16  Terran Vehicle Weapons Level 2  
  128  8:17  Starport Reactor  
  128  8:18  Terran Vehicle And Ship Armor Level 2  
  128  8:19  SCV  
  129  8:20  SCV x2  
  120  8:38  Cyclone x2  
  120  8:39  Cyclone x2  
  120  8:40  Hellion x2  
  120  8:41  Refinery, SCV x2  
  130  8:42  Refinery  
  130  8:48  SCV  
  131  8:53  SCV  
  126  9:03  Hellion x2  
  121  9:10  Cyclone  
  121  9:11  Cyclone x2  
  121  9:14  Cyclone  
  123  9:26  Orbital Command  
  123  9:29  Hellion  
  123  9:30  SCV x2, Hellion  
  98  9:42  Cyclone  
  97  9:52  Cyclone x3  
  107  9:53  Hellion x2  
  105  10:02  SCV x2  
  105  10:03  Refinery  
  105  10:05  Orbital Command  
  95  10:14  Hellion  
  95  10:15  Cyclone  
  88  10:24  Cyclone x2  
  88  10:28  Hellion, Cyclone  
  89  10:32  SCV x2  
  90  10:35  Hellion  
  78  10:44  SCV x2  
  78  10:47  Refinery, Cyclone  
  78  10:48  Refinery  
  83  10:54  Hellion  
  86  10:59  SCV x2  
  85  11:11  SCV  
Tags
 
Add a new tag
Caveats
  • Supply blocks, unpowered buildings, or Contaminate may cause inaccurate times.
  • Supply counts are checked every 10 seconds.